 Dungeon Sprint DCSS version 0.27-a0-789-g6bb3289e1e (webtiles) character file.

Game seed: 17706009684813292797

22191 mhtbhm the Bludgeoner (level 12, -7/88 HPs)
             Began as a Gargoyle Fighter on Mar 26, 2021.
             Was the Champion of Okawaru.
             Killed from afar by a frost giant (19 damage)
             ... with a bolt of cold
             ... in the Dungeon (Sprint IX: "|||||||||||||||||||||||||||||").
             The game lasted 00:06:42 (3623 turns).

mhtbhm the Bludgeoner (Gargoyle Fighter)            Turns: 3623, Time: 00:06:43

Health: -7/88      AC: 29    Str: 24    XL:     12   Next: 97%
Magic:  12/12      EV: 20    Int: 10    God:    Okawaru [******]
Gold:   102        SH: 14    Dex:  9    Spells: 11/11 levels left

rFire    + + .     SeeInvis .   a - +2 morningstar (vorpal)
rCold    . . .     Faith    .   c - +0 kite shield {reflect}
rNeg     + . .     Spirit   .   b - +1 fire dragon scales
rPois    ∞         Reflect  +   w - +0 helmet
rElec    +         Harm     .   A - +1 cloak {Stlth+}
rCorr    .         Rampage  .   n - +0 pair of gloves
Will     .....     NoTele   +   o - +0 pair of boots
Stlth    +.........             v - amulet of the acrobat
HPRegen  0.24/turn              y - ring of protection from cold
MPRegen  0.13/turn              m - ring of the Hare {EV+8}

@: no status effects
A: AC +8, negative energy resistance 1, electricity resistance, torment
resistance 1, unbreathing 1, petrification resistance
a: Renounce Religion, Heroism, Finesse


You were in the Dungeon.
You worshipped Okawaru.
Okawaru was exalted by your worship.
You visited 1 branch You collected 1931 gold pieces.
You spent 1829 gold pieces at shops.

Inventory:

Hand Weapons
 a - a +2 vorpal morningstar (weapon)
Missiles
 i - 4 curare-tipped darts (quivered)
 q - 9 javelins
Armour
 b - +1 fire dragon scales (worn)
 c - a +0 kite shield of reflection (worn)
 n - a +0 pair of gloves (worn)
 o - a +0 pair of boots (worn)
 w - a +0 helmet (worn)
 A - a +1 cloak of stealth (worn)
Jewellery
 m - the ring of the Hare (left hand) {EV+8}
   (You bought it in a shop in the Dungeon)

   [ring of evasion]

   It affects your evasion (+8).
 p - a +2 ring of evasion
 v - an amulet of the acrobat (around neck)
 x - a ring of see invisible
 y - a ring of protection from cold (right hand)
 z - a ring of protection from cold
Scrolls
 j - 4 scrolls of blinking
 l - 3 scrolls of amnesia
 s - 2 scrolls of identify
 t - 8 scrolls of enchant armour
 u - 2 scrolls of fog
Potions
 d - a potion of might
 e - 5 potions of curing
 f - 2 potions of heal wounds
 g - 3 potions of haste
 h - 5 potions of magic
 k - 3 potions of invisibility
 r - 2 potions of mutation
 B - a potion of resistance


   Skills:
 + Level 16.1 Fighting
 + Level 18.7 Maces & Flails
 + Level 1.0 Throwing
 + Level 12.8 Armour
 + Level 7.7 Dodging
 + Level 1.1 Stealth
 + Level 16.7 Shields
 + Level 4.7 Evocations


You had 11 spell levels left.
You didn't know any spells.
Your spell library contained the following spells:

 Spells                   Type           Power      Damage    Failure   Level
 Sandblast                Erth           0%         2d4       65%         1
 Passwall                 Tmut/Erth      0%         N/A       78%         2
 Stone Arrow              Conj/Erth      0%         3d7       95%         3
 Petrify                  Tmut/Erth      0%         N/A       100%        4
 Lee's Rapid Deconstruct  Erth           0%         3d5*      100%        5


Dungeon Overview and Level Annotations

Branches:
Dungeon (1/1)

Altars:
Cheibriados
Dithmenos
Elyvilon
Fedhas
Gozag
Hepliaklqana
Kikubaaqudgha
Makhleb
Nemelex Xobeh
Okawaru
Qazlal
Ru
Sif Muna
Trog
Uskayaw
Vehumet
Wu Jian
Xom
Yredelemnul
Zin
The Shining One
Beogh
Jiyva
Lugonu

Shops:
D =[!(


Innate Abilities, Weirdness & Mutations

Your stone body is resilient. (AC +8)
You are immune to poison.
You resist negative energy. (rN+)
You are resistant to electric shocks. (rElec)
You are resistant to unholy torment.
You can survive without breathing.
You are immune to petrification.


Message History

Your Throwing skill increases to level 1!
You feel much better.
Unknown command.
Throw: 5 darts (curare)
Press: ? - help, Q - select action, (/) - cycle Shift-Dir - straight line, f - frost giant
Aim: a frost giant, wielding a +0 battleaxe of freezing (87% to hit)
You throw a curare-tipped dart.
The curare-tipped dart hits the frost giant.
The frost giant is poisoned.
The frost giant convulses.
The frost giant seems to slow down.
The frost giant is lightly wounded.
You hit the frost giant.
The frost giant is lightly wounded.
You block the frost giant's attack.
You sock the frost giant!
The frost giant is moderately wounded.
You sock the frost giant!
The frost giant is moderately wounded.
You block the frost giant's attack.
You hit the frost giant.
The frost giant is heavily wounded.
You hit the frost giant but do no damage.
The frost giant is heavily wounded.
The frost giant hits you with a +0 battleaxe of freezing.
The frost giant freezes you.
You hit the frost giant but do no damage.
The frost giant is heavily wounded.
You hit the frost giant but do no damage.
The frost giant is heavily wounded.
The frost giant hits you with a +0 battleaxe of freezing!
* * * LOW HITPOINT WARNING * * *
The frost giant freezes you!
* * * LOW HITPOINT WARNING * * *
You thump the frost giant!
The frost giant is severely wounded.
You thump the frost giant!
The frost giant is severely wounded.
The frost giant points at you and mumbles some strange words.
The bolt of cold hits you!!
You die...

▓▓▓▓▓▓▓▓▓▓▓▓▓▓▓▓▓▓▓▓▓▓▓▓▓▓
[.))))))))...=.C@........▓
▓▓▓▓▓▓▓▓▓▓▓▓▓▓▓▓▓▓▓▓▓▓▓▓.▓
.........................▓
▓▓▓▓▓▓▓▓▓▓▓▓▓▓▓▓▓▓▓▓▓▓▓▓▓▓
..).)))))))')..)...).).).▓
▓▓▓▓▓▓▓▓▓▓▓▓▓▓▓▓▓▓▓▓▓▓▓▓.▓
.........................▓
▓▓▓▓▓▓▓▓▓▓▓▓▓▓▓▓▓▓▓▓▓▓▓▓▓▓
...†.†[...)......'.......▓


You could see a frost giant (poisoned, slow).

Vanquished Creatures
  3 boulder beetles (D)
  An ice dragon (D)
  An ogre mage (D)
  A centaur warrior (D)
  A death knight (D)
  A deep troll earth mage (D)
  A tengu warrior (D)
  Urug (D)
  A glowing orange brain (D)
  15 orc knights (D)
  An ugly thing (D)
  An orc sorcerer (D)
  2 manticores (D)
  An elephant (D)
  4 cane toads (D)
  A rime drake (D)
  An unseen horror (D)
  4 komodo dragons (D)
  A tyrant leech (D)
  2 blink frogs (D)
  3 slime creatures (D)
  A dream sheep (D)
  A wraith (D)
  4 yaks (D)
  A vampire mosquito (D)
  3 water moccasins (D)
  11 orc warriors (D)
  A wolf (D)
  3 centaurs (D)
  A kobold brigand (D)
  4 bullfrogs (D)
  A wight (D)
  A howler monkey (D)
  A hound (D)
  4 orc priests (D)
  3 orc wizards (D)
  An adder (D)
  An ufetubus (D)
  A worm (D)
  4 orcs (D)
  A giant cockroach (D)
  3 hobgoblins (D)
  A jackal (D)
99 creatures vanquished.

Notes
Turn   | Place    | Note
-------+----------+-------------------------------------------
     0 | D        | mhtbhm the Gargoyle Fighter began the quest for the Orb.
     0 | D        | Reached XP level 1. HP: 14/14 MP: 1/1
    25 | D        | Reached XP level 2. HP: 19/20 MP: 2/2
    37 | D        | Noticed a centaur
    58 | D        | Killed a centaur
    59 | D        | Reached skill level 5 in Fighting
    59 | D        | Reached skill level 4 in Maces & Flails
    59 | D        | Reached skill level 5 in Armour
    59 | D        | Reached XP level 3. HP: 13/27 MP: 3/3
    59 | D        | Reached XP level 4. HP: 16/32 MP: 4/4
    65 | D        | Reached skill level 1 in Dodging
    80 | D        | Reached skill level 5 in Maces & Flails
    80 | D        | Reached XP level 5. HP: 11/36 MP: 5/5
    85 | D        | Found a snail-covered altar of Cheibriados.
    85 | D        | Found a shadowy altar of Dithmenos.
    85 | D        | Found a white marble altar of Elyvilon.
    85 | D        | Found a blossoming altar of Fedhas.
    85 | D        | Found an opulent altar of Gozag.
    86 | D        | Found a hazy altar of Hepliaklqana.
    87 | D        | Found a viscous altar of Jiyva.
    88 | D        | Found an ancient bone altar of Kikubaaqudgha.
    89 | D        | Found a corrupted altar of Lugonu.
    90 | D        | Found a burning altar of Makhleb.
    91 | D        | Found a sparkling altar of Nemelex Xobeh.
    92 | D        | Found an iron altar of Okawaru.
    93 | D        | Found a stormy altar of Qazlal.
    94 | D        | Found a sacrificial altar of Ru.
    95 | D        | Found a shimmering blue altar of Sif Muna.
    96 | D        | Found a bloodstained altar of Trog.
    97 | D        | Found a hide-covered altar of Uskayaw.
    98 | D        | Found a radiant altar of Vehumet.
    99 | D        | Found an ornate altar of the Wu Jian Council.
   100 | D        | Became a worshipper of Warmaster Okawaru
   101 | D        | Found a shimmering altar of Xom.
   102 | D        | Found a basalt altar of Yredelemnul.
   103 | D        | Found a glowing silver altar of Zin.
   104 | D        | Found a glowing golden altar of the Shining One.
   302 | D        | Noticed a wraith
   302 | D        | Noticed a centaur
   302 | D        | Noticed a centaur
   302 | D        | Noticed a kobold brigand
   307 | D        | Killed a kobold brigand
   308 | D        | Reached skill level 6 in Maces & Flails
   313 | D        | Killed a centaur
   314 | D        | Reached skill level 7 in Maces & Flails
   314 | D        | Reached XP level 6. HP: 39/42 MP: 6/6
   321 | D        | Reached skill level 8 in Maces & Flails
   323 | D        | Killed an unseen horror
   323 | D        | Reached * piety under Okawaru
   323 | D        | Reached ** piety under Okawaru
   324 | D        | Reached skill level 9 in Maces & Flails
   324 | D        | Reached XP level 7. HP: 42/48 MP: 7/7
   334 | D        | Killed a wraith
   335 | D        | Reached skill level 10 in Maces & Flails
   335 | D        | Reached skill level 10 in Shields
   450 | D        | Noticed a manticore
   450 | D        | Noticed a komodo dragon
   450 | D        | Noticed a slime creature
   450 | D        | Noticed a brown ugly thing
   450 | D        | Noticed a boulder beetle
   453 | D        | Reached XP level 8. HP: 54/54 MP: 8/8
   456 | D        | Killed a komodo dragon
   456 | D        | Reached *** piety under Okawaru
   457 | D        | Reached skill level 5 in Dodging
   457 | D        | Killed a slime creature
   458 | D        | Reached skill level 11 in Maces & Flails
   458 | D        | Reached skill level 1 in Evocations
   458 | D        | Killed a boulder beetle
   458 | D        | Reached **** piety under Okawaru
   459 | D        | Reached skill level 12 in Maces & Flails
   459 | D        | Reached XP level 9. HP: 41/61 MP: 9/9
   469 | D        | Killed a brown ugly thing
   470 | D        | Killed a manticore
   471 | D        | Reached skill level 10 in Fighting
   717 | D        | Noticed a cane toad
   717 | D        | Noticed a cane toad
   717 | D        | Noticed a komodo dragon
   721 | D        | Noticed an elephant
   724 | D        | Noticed a komodo dragon
   725 | D        | Reached skill level 13 in Maces & Flails
   729 | D        | Noticed a rime drake
   730 | D        | Killed a komodo dragon
   731 | D        | Reached XP level 10. HP: 53/68 MP: 10/10
   735 | D        | Killed a cane toad
   735 | D        | Reached ***** piety under Okawaru
   741 | D        | Killed a cane toad
   752 | D        | Killed an elephant
   756 | D        | Received a gift from Okawaru
   757 | D        | Reached skill level 14 in Maces & Flails
  1047 | D        | Noticed a cane toad
  1047 | D        | Noticed a cane toad
  1052 | D        | Killed a cane toad
  1053 | D        | Reached skill level 15 in Maces & Flails
  1058 | D        | Killed a cane toad
  1059 | D        | Reached XP level 11. HP: 56/76 MP: 11/11
  1332 | D        | Noticed an orc knight
  1347 | D        | Killed an orc knight
  1370 | D        | HP: 3/76 [orc priest/divine providence (16)]
  1499 | D        | Noticed an orc knight
  1499 | D        | Noticed an orc sorcerer
  1499 | D        | Noticed an orc knight
  1499 | D        | Noticed an orc knight
  1504 | D        | Killed an orc knight
  1505 | D        | Reached skill level 16 in Maces & Flails
  1571 | D        | Killed an orc knight
  1572 | D        | Reached skill level 10 in Armour
  1575 | D        | Paralysed by an orc sorcerer for 2 turns
  1583 | D        | Killed an orc sorcerer
  1596 | D        | Killed an orc knight
  1596 | D        | Received a gift from Okawaru
  1895 | D        | Noticed an orc knight
  1905 | D        | Killed an orc knight
  2042 | D        | Found Vit Kulo's Weapon Boutique.
  2042 | D        | Noticed an orc knight
  2042 | D        | Noticed an orc knight
  2042 | D        | Noticed an orc knight
  2042 | D        | Noticed an orc knight
  2044 | D        | Noticed an orc knight
  2049 | D        | Noticed an orc knight
  2055 | D        | Killed an orc knight
  2055 | D        | Reached ****** piety under Okawaru
  2056 | D        | Reached skill level 15 in Shields
  2061 | D        | Killed an orc knight
  2067 | D        | Killed an orc knight
  2068 | D        | Reached skill level 17 in Maces & Flails
  2069 | D        | Killed an orc knight
  2070 | D        | Found Atitaon's Distillery.
  2229 | D        | Noticed an orc knight
  2238 | D        | Killed an orc knight
  2239 | D        | Reached XP level 12. HP: 62/85 MP: 12/12
  2450 | D        | Found Astaofit's Antique Armour Boutique.
  2453 | D        | Found Zoef's Jewellery Shop.
  2475 | D        | Reached skill level 1 in Stealth
  2724 | D        | Bought 8 curare-tipped darts for 57 gold pieces
  2726 | D        | Bought a potion of invisibility for 96 gold pieces
  2726 | D        | Bought a potion of invisibility for 96 gold pieces
  2730 | D        | Bought the ring of the Hare {EV+8} for 1280 gold pieces
  2730 | D        | Found the ring of the Hare {EV+8}
  2730 | D        | Bought an amulet of the acrobat for 300 gold pieces
  2842 | D        | Noticed Urug
  2856 | D        | Killed Urug
  2856 | D        | Received a gift from Okawaru
  3004 | D        | Noticed a boulder beetle
  3004 | D        | Noticed an ogre mage
  3004 | D        | Noticed a centaur warrior
  3008 | D        | Noticed a death knight
  3012 | D        | Received a gift from Okawaru
  3012 | D        | Noticed a boulder beetle
  3017 | D        | Killed a centaur warrior
  3018 | D        | Reached skill level 15 in Fighting
  3021 | D        | Killed an ogre mage
  3022 | D        | Reached skill level 18 in Maces & Flails
  3022 | D        | Noticed a tengu warrior
  3029 | D        | Noticed a deep troll earth mage
  3034 | D        | Noticed an ice dragon
  3040 | D        | Noticed a frost giant
  3047 | D        | Killed a boulder beetle
  3049 | D        | Noticed a great orb of eyes
  3053 | D        | Killed a boulder beetle
  3056 | D        | Killed a death knight
  3066 | D        | Killed a tengu warrior
  3072 | D        | Received a gift from Okawaru
  3417 | D        | Killed a deep troll earth mage
  3612 | D        | Killed an ice dragon
  3613 | D        | Reached skill level 1 in Throwing
  3623 | D        | Killed from afar by a frost giant

Illustrated notes

Levels and vault maps discovered:
D:        linesprint [early_d, line_temple, items_1, d_10, items_2, lair_1,
          lair_end, items_3, orc_1, orc_end, items_4, d_15, swamp_1, shoals_1,
          snake_1, spider_1, d_20, vaults_1, items_5, swamp_end, shoals_end,
          snake_end, spider_end, vaults_end, d_27, items_6, zot_1, zot_end,
          crypt_end, forest_end, elf_end, slime_end, tomb_end, abyss_end,
          pan_hell_end]

Skill      XL: |  1  2  3  4  5  6  7  8  9 10 11 12 |
---------------+-------------------------------------+-----
Fighting       | 4 5 6 7 8 9 10 12 14 16 | 16.1
Shields        | 4 6 8 9 10 11 12 14 15 16 | 16.7
Armour         | 5 6 7 8 9 11 12 | 12.8
Maces & Flails | 4 5 7 9 10 12 13 15 17 18 | 18.7
Dodging        | 1 2 4 5 6 7 |  7.7
Evocations     | 1 3 4 |  4.7
Stealth        | 1 |  1.1
Throwing       | 1 |  1.0

Action                   |  1- 3 |  4- 6 |  7- 9 | 10-12 || total
-------------------------+-------+-------+-------+-------++-------
Melee: Flail             |    41 |    21 |       |       ||    62
       Morningstar       |       |    18 |    37 |   390 ||   445
Throw: Dart              |       |       |       |     4 ||     4
Evoke: Wand              |       |       |     7 |     3 ||    10
  Use: Potion            |       |       |       |     9 ||     9
       Scroll            |       |       |       |     1 ||     1
Armor: Scale mail        |    20 |    14 |       |       ||    34
       Chain mail        |       |    17 |     5 |    46 ||    68
       Fire dragon scale |       |       |       |    30 ||    30
Dodge: Dodged            |    27 |    18 |    11 |    92 ||   148
Block: Kite shield       |    31 |    25 |    14 |   145 ||   215
       Reflection        |       |       |       |     9 ||     9

Table legend: (Time is in decaauts)
 A = Elapsed time spent in this place.
 B = Non-inter-level travel time spent in this place.
 C = Inter-level travel time spent in this place.
 D = Time resting spent in this place.
 E = Time spent auto-exploring this place.
 F = Levels seen in this place.
 G = Mean time per level.
                   A        B        C        D        E       F      G
               +--------+--------+--------+--------+--------+-----+--------+
         Total |   3560 |   3560 |      0 |   1647 |    397 |   1 | 3560.0 |
       Dungeon |   3560 |   3560 |      0 |   1647 |    397 |   1 | 3560.0 |
               +--------+--------+--------+--------+--------+-----+--------+

Top non-repeatable levels by time:
       D: 3560 daAuts
